 Dungeon Sprint DCSS version 0.19-a0-1511-g16f215b (webtiles) character file.

612 poirepourri the Fighter (level 7, -1/71 HPs)
             Began as a Formicid Fighter on Sept 11, 2016.
             Was an Initiate of Qazlal.
             Slain by a centaur warrior (10 damage)
             ... in the Dungeon (Sprint I: "Red Sonja").
             The game lasted 00:01:08 (781 turns).

poirepourri the Fighter (Formicid Fighter)           Turns: 781, Time: 00:01:09

Health: -1/71      AC:  6    Str: 21    XL:     7   Next: 72%
Magic:  7/7        EV: 11    Int:  8    God:    Qazlal [......]
Gold:   425        SH:  9    Dex: 11    Spells: 0 memorised, 6 levels left

rFire  . . .     SeeInvis +     a - +0 war axe
rCold  . . .     Gourm    .     b - +0 scale mail
rNeg   . . .     Faith    .     c - +0 shield
rPois  .         Spirit   .     (helmet unavailable)
rElec  .         Dismiss  .     (no cloak)
rCorr  .         Reflect  .     (no gloves)
MR     .....     Harm     .     (no boots)
Stlth  ..........               (no amulet)
                                (no ring)
                                (no ring)

@: no status effects
A: permanent stasis, dig shafts and tunnels, four strong arms, antennae 3
a: Dig, Renounce Religion


You were in the Dungeon.
You worshipped Qazlal.
Qazlal was noncommittal.
You were not hungry.

You visited 1 branch You collected 425 gold pieces.

Inventory:

Hand Weapons
 a - a +0 war axe (weapon)
Armour
 b - a +0 scale mail (worn)
 c - a +0 shield (worn)
Scrolls
 k - a scroll of blinking
Potions
 h - a potion of haste
 i - 2 potions of magic
 j - a potion of berserk rage
 l - a potion of ambrosia {unknown}
Comestibles
 f - a bread ration


   Skills:
 + Level 12.3 Fighting
 + Level 8.4 Axes
 - Level 3.2 Armour
 + Level 6.7 Dodging
 - Level 3.6 Shields


You had 6 spell levels left.
You didn't know any spells.

Dungeon Overview and Level Annotations

Branches:
Dungeon (1/1)

Altars:
Cheibriados
Dithmenos
Elyvilon
Fedhas
Gozag
Hepliaklqana
Kikubaaqudgha
Makhleb
Nemelex Xobeh
Okawaru
Qazlal
Ru
Sif Muna
Trog
Uskayaw
Vehumet
Xom
Yredelemnul
Zin
The Shining One
Jiyva
Lugonu

Shops:
D [


Innate Abilities, Weirdness & Mutations

You are under a permanent stasis effect.
You can dig through walls and to a lower floor.
Your four strong arms can wield two-handed weapons with a shield.
You have a pair of large antennae on your head. (SInv)


Message History

The centaur warrior is lightly wounded.
You hit the centaur warrior.
You block the centaur warrior's attack. x2
The centaur warrior hits you!
You hit the centaur warrior.
The centaur warrior is lightly wounded.
You hit the centaur warrior but do no damage.
The centaur warrior hits you!
The centaur warrior hits you but does no damage.
You block the centaur warrior's attack. The centaur warrior hits you!
* * * LOW HITPOINT WARNING * * *
You feel better. You block the centaur warrior's attack.
The centaur warrior hits you but does no damage.
The centaur warrior hits you!
* * * LOW HITPOINT WARNING * * *
You hit the centaur warrior.
The centaur warrior is lightly wounded.
You hit the centaur warrior. The centaur warrior hits you.
* * * LOW HITPOINT WARNING * * *
The centaur warrior hits you!
You die...

###################
#..').#..'..#__#..+
{
').#..').#..'..'..#
{
#####'#####'#__####{
{
####..#...#.####§§#
{
#__####..##[#§§§§c#
#_____##'#..§≈§§@§+
{
#_.∩...'..._#§§§§c#
#_..__##_.#'##+####
#_____###+#)# {
####### ### { { { {
{{


You could see 2 centaur warriors.

Vanquished Creatures
  A slime creature (D)
  Sigmund (D)
  A yak (D)
  An ogre (D)
  A jelly (D)
  Ijyb (D)
6 creatures vanquished.

Notes
Turn   | Place    | Note
-------+----------+-------------------------------------------
     0 | D        | poirepourri the Formicid Fighter began the quest for the Orb.
     0 | D        | Reached XP level 1. HP: 18/18 MP: 1/1
     2 | D        | Noticed Ijyb
    15 | D        | Killed Ijyb
    15 | D        | Reached skill level 5 in Fighting
    15 | D        | Reached skill level 1 in Dodging
    15 | D        | Reached XP level 2. HP: 25/28 MP: 2/2
    15 | D        | Reached XP level 3. HP: 30/34 MP: 3/3
   149 | D        | Noticed an ogre
   153 | D        | Killed an ogre
   153 | D        | Reached skill level 8 in Fighting
   153 | D        | Reached XP level 4. HP: 44/44 MP: 4/4
   153 | D        | Reached XP level 5. HP: 49/49 MP: 5/5
   166 | D        | Noticed Sigmund
   175 | D        | Killed Sigmund
   175 | D        | Reached skill level 10 in Fighting
   175 | D        | Reached skill level 5 in Dodging
   175 | D        | Reached XP level 6. HP: 48/61 MP: 6/6
   237 | D        | Found a deep blue altar of Sif Muna.
   239 | D        | Found a radiant altar of Vehumet.
   321 | D        | Found Disoim's Armour Emporium.
   321 | D        | Found an ancient bone altar of Kikubaaqudgha.
   321 | D        | Found a hazy altar of Hepliaklqana.
   321 | D        | Found a stormy altar of Qazlal.
   321 | D        | Found a hide-covered altar of Uskayaw.
   321 | D        | Found a blossoming altar of Fedhas.
   321 | D        | Found a bloodstained altar of Trog.
   321 | D        | Found an iron altar of Okawaru.
   321 | D        | Found a basalt altar of Yredelemnul.
   321 | D        | Found a glowing golden altar of the Shining One.
   321 | D        | Found a snail-covered altar of Cheibriados.
   321 | D        | Found a sacrificial altar of Ru.
   321 | D        | Found a glowing silver altar of Zin.
   321 | D        | Found a shadowy altar of Dithmenos.
   321 | D        | Found a white marble altar of Elyvilon.
   321 | D        | Noticed a yak
   328 | D        | Killed a yak
   328 | D        | Reached skill level 11 in Fighting
   328 | D        | Reached XP level 7. HP: 31/68 MP: 7/7
   329 | D        | Found an opulent altar of Gozag.
   330 | D        | Found a sparkling altar of Nemelex Xobeh.
   506 | D        | Became a worshipper of Qazlal Stormbringer
   519 | D        | Found a burning altar of Makhleb.
   519 | D        | Found a viscous altar of Jiyva.
   519 | D        | Found a shimmering altar of Xom.
   519 | D        | Found a corrupted altar of Lugonu.
   519 | D        | Noticed a slime creature
   529 | D        | Killed a slime creature
   529 | D        | Reached skill level 12 in Fighting
   771 | D        | Noticed a centaur warrior
   773 | D        | Noticed a centaur warrior
   781 | D        | Slain by a centaur warrior

Vault maps used:
D:        dungeon_sprint_1

Skill      XL: |  1  2  3  4  5  6  7 |
---------------+----------------------+-----
Fighting       | 5 8 10 11 12 | 12.3
Axes           | 3 4 6 7 8 |  8.4
Dodging        | 1 3 5 6 |  6.7
Armour         | |  3.2
Shields        | |  3.6

Action                   |  1- 3 |  4- 6 |  7- 9 || total
-------------------------+-------+-------+-------++-------
Melee: War axe           |    15 |    19 |    11 ||    45
  Use: Potion            |       |       |     3 ||     3
Armor: Scale mail        |     8 |     1 |     4 ||    13
Dodge: Dodged            |     5 |     5 |     1 ||    11
Block: Shield            |    11 |     6 |     8 ||    25
